 Dungeon Crawl Stone Soup version 0.19.4-9-g45fd643 (webtiles) character file.

32 maxonian the Slasher (level 3, -4/33 HPs)
             Began as a Naga Gladiator on Feb 17, 2017.
             Killed from afar by Sigmund (8 damage)
             ... with a puff of flame
             ... on level 2 of the Dungeon.
             The game lasted 00:02:49 (1469 turns).

maxonian the Slasher (Naga Gladiator)               Turns: 1469, Time: 00:02:50

Health: -4/33      AC:  3    Str: 17    XL:     3   Next: 27%
Magic:  3/3        EV: 10    Int:  9    God:
Gold:   22         SH:  0    Dex: 11    Spells: 0 memorised, 2 levels left

rFire  . . .     SeeInvis +     a - +0 long sword
rCold  . . .     Gourm    .     b - +0 leather armour
rNeg   . . .     Faith    .     (no shield)
rPois  +         Spirit   .     c - +0 helmet
rElec  .         Reflect  .     (no cloak)
rCorr  .         Harm     .     (no gloves)
MR     .....                    (no barding)
Stlth  +.........               (no amulet)
                                (no ring)
                                (no ring)

@: confused, very slow
A: see invisible, deformed body, poison resistance, slowness 2, slow metabolism
1, spit poison 1, AC +1
a: Spit Poison


You were on level 2 of the Dungeon.
You were very hungry.

You visited 1 branch of the dungeon, and saw 2 of its levels.

You collected 22 gold pieces.

Inventory:

Hand Weapons
 a - a +0 long sword (weapon)
 k - a +0 hunting sling
Missiles
 e - 32 arrows
Armour
 b - a +0 leather armour (worn)
 c - a +0 helmet (worn)
Jewellery
 j - an uncursed ring of positive energy {unknown}
Scrolls
 g - a scroll of teleportation {unknown}
 h - a scroll of amnesia {unknown}
 i - a scroll of recharging {unknown}
 n - a scroll of identify {unknown}
Potions
 m - a potion of heal wounds {unknown}
 o - a potion of curing {unknown}
Comestibles
 f - a bread ration
 l - a meat ration


   Skills:
 + Level 2.8 Fighting
 + Level 3.7 Long Blades
 - Level 1.7 Throwing
 - Level 2.4 Dodging


You had 2 spell levels left.
You didn't know any spells.

Dungeon Overview and Level Annotations

Branches:
Dungeon (2/15)

Altars:
Trog

Annotations:
D:2 Sigmund


Innate Abilities, Weirdness & Mutations

You cannot wear boots.
Your serpentine skin is tough. (AC +1)
You have supernaturally acute eyesight. (SInv)
Armour fits poorly on your strangely shaped body.
Your system is resistant to poisons. (rPois)
You cover ground very slowly.
You have a slow metabolism.
You can spit poison.


Message History

* * * LOW HITPOINT WARNING * * *
Sigmund barely misses you.
You are too injured to fight recklessly!
You are too injured to fight recklessly!
You are too injured to fight recklessly!
You are too injured to fight recklessly!
You are too injured to fight recklessly!
You are too injured to fight recklessly!
You bump into the rock wall.
You bump into the rock wall.
Sigmund hits you with a scythe of venom.
* * * LOW HITPOINT WARNING * * *
You bump into the rock wall.
Sigmund misses you.
You bump into the rock wall.
You hit Sigmund.
Sigmund is heavily wounded.
You are feeling very hungry.
Sigmund gestures at you while chanting. The puff of flame hits you!
You die...

#####.#........##.##.#
.###.#.......#.#...#.#.#
....###....[.#..........
.###.#.......###...#...
## #.#......# ##.##
#####.###.##.# ##.####.#
......# #.##.# #......$#
####### #.##.###@.######
......(@.# ##..###.## #
#.# ..# #..# #... #=##
#.


You could see Sigmund (invisible).

Vanquished Creatures
  An adder (D:2)
  An ooze (D:1)
  A dart slug (D:1)
  A leopard gecko (D:1)
  A ball python (D:1)
  A giant cockroach (D:1)
  3 goblins (D:1)
  A hobgoblin (D:1)
  2 bats (D:1)
  A frilled lizard (D:1)
  A kobold (D:1)
  3 rats (D:1)
17 creatures vanquished.

Notes
Turn   | Place    | Note
-------+----------+-------------------------------------------
     0 | D:1      | maxonian the Naga Gladiator began the quest for the Orb.
     0 | D:1      | Reached XP level 1. HP: 19/19 MP: 1/1
   411 | D:1      | Found a bloodstained altar of Trog.
   446 | D:1      | Reached XP level 2. HP: 26/26 MP: 2/2
  1358 | D:2      | Reached XP level 3. HP: 28/33 MP: 3/3
  1445 | D:2      | Noticed Sigmund
  1469 | D:2      | Killed from afar by Sigmund

Action                   || total
-------------------------++-------
Melee: Long sword        ||    62
Throw: Throwing net      ||     3
 Abil: Spit Poison       ||     3
 Stab: Held in net/web   ||     2
Armor: Leather armour    ||    18
Dodge: Dodged            ||    43
       Rpst.: Long sword ||    13
